 Dungeon Crawl Stone Soup version 0.31-a0-949-g57150269e1 (webtiles) character file.

Game seed: 7240863735669645677

12 Fodor the Covered (level 2, 0/27 HPs)
             Began as a Minotaur Fighter on Oct 22, 2023.
             Slain by an iguana (10 damage)
             ... on level 2 of the Dungeon.
             The game lasted 00:02:17 (494 turns).

Fodor the Covered (Minotaur Fighter)                 Turns: 494, Time: 00:02:17

Health: 0/27       AC:  7    Str: 20    XL:     2   Next: 20%
Magic:  1/1        EV:  9    Int: 11    God:
Gold:   24         SH:  4    Dex:  9    Spells: 1/1 levels left

rFire   . . .        a - +0 long sword
rCold   . . .        c - +0 buckler
rNeg    . . .        b - +0 scale mail
rPois   .            (helmet restricted)
rElec   .            (no cloak)
rCorr   .            (no gloves)
SInv    .            (no boots)
Will    .....        (no amulet) Stlth
                     e - +6 ring of intelligence
HPRegen 0.24/turn    (no ring)
MPRegen 0.07/turn

%: no passive effects
@: no status effects
A: horns 2, retaliatory headbutt
a: no special abilities


You were on level 2 of the Dungeon.
You visited 1 branch of the dungeon, and saw 2 of its levels.

You collected 24 gold pieces.

Inventory:

Hand Weapons
 a - a +0 long sword (weapon)
Missiles
 h - 5 poisoned darts (quivered)
Armour
 b - a +0 scale mail (worn)
 c - a +0 buckler (worn)
Jewellery
 e - a +6 ring of intelligence (left hand)
Scrolls
 f - 2 scrolls of identify {unknown}
Potions
 d - a potion of might
 g - a potion of brilliance {unknown}


   Skills:
 + Level 3.8 Fighting
 + Level 2.7 Long Blades
 + Level 3.9 Armour
 + Level 3.9 Shields


You had one spell level left.
You didn't know any spells.
Your spell library was empty.

Dungeon Overview and Level Annotations

Branches:
Dungeon (2/15)

Altars:

Shops:
D:2 [


Innate Abilities, Weirdness & Mutations

You have a pair of horns on your head.
You reflexively headbutt those who attack you in melee.


Message History

You barely miss the ball python. The ball python closely misses you.
The ball python grabs you. The ball python constricts you.
You hit the ball python.
You kill the ball python!
An endoplasm and an iguana come into view.
The endoplasm quivers.
The iguana hisses angrily.
There is a stone staircase leading up here.
A kobold comes into view. It is wielding a +0 short sword.
The kobold shouts!
A hobgoblin comes into view.
Found a robe.
Found Dyenumak's Armour Emporium.
The kobold hits you but does no damage. The kobold attacks as it pursues you!
The kobold barely misses you.
An endoplasm comes into view.
You see here a gold piece.
The kobold attacks as it pursues you!
The kobold hits you with a +0 short sword.
You closely miss the kobold.
A hobgoblin comes into view.
The kobold misses you.
The hobgoblin shouts!
You slash the kobold!
You kill the kobold!
You block the iguana's attack.
Things that are here:
a +0 short sword; a gold piece; a kobold corpse You hit the iguana but do no damage.
You headbutt the iguana!
The iguana is heavily wounded.
The iguana barely misses you. You furiously retaliate!
You headbutt the iguana. You closely miss the iguana. You headbutt the iguana.
The iguana is severely wounded.
The iguana bites you!
You completely miss the iguana. Your headbutt misses the iguana.
The iguana is severely wounded.
The iguana bites you.
You hit the iguana.
The iguana is almost dead.
The iguana bites you!
You die...

#####
#####≈≈≈##
....≈∩≈.
##.#§.≈#
.#§≈.≈# #
#.#≈.≈#
#.##.#≈@≈#
#.#..J≈l≈# #
.....J≈g§##.###
#.#...≈.≈......
# ##.#........#
#. #>..#####..#
#.##...# .#
.####...<..# .
..J........#


You could see an iguana, 2 endoplasms and a hobgoblin.

Vanquished Creatures
  2 endoplasms (D:1)
  2 goblins (D:1)
  A hobgoblin (D:1)
  A ball python (D:2)
  2 bats (D:1)
  A frilled lizard (D:1)
  2 kobolds
  A rat (D:1)
12 creatures vanquished.

Notes
Turn   | Place    | Note
-------+----------+-------------------------------------------
     0 | D:1      | Fodor the Minotaur Fighter began the quest for the Orb.
     0 | D:1      | Reached XP level 1. HP: 19/19 MP: 0/0
   197 | D:1      | Reached XP level 2. HP: 27/27 MP: 1/1
   483 | D:2      | Found Dyenumak's Armour Emporium.
   494 | D:2      | Slain by an iguana

Illustrated notes

Levels and vault maps discovered:
D:1:      saegor_arrival_miasma, layout_rooms
D:2:      layout_loops_ring, serial_shops, shop, shop, nicolae_shop_peninsula,
          shop_fountains, shop, uniq_jessica

Action                     || total
---------------------------++-------
  Melee: Long sword        ||    23
         Headbutt          ||     4
 Armour: Scale mail        ||    19
  Dodge: Dodged            ||    13
  Block: Buckler           ||     4

Table legend: (Time is in decaauts)
 A = Elapsed time spent in this place.
 B = Non-inter-level travel time spent in this place.
 C = Inter-level travel time spent in this place.
 D = Time resting spent in this place.
 E = Time spent auto-exploring this place.
 F = Levels seen in this place.
 G = Mean time per level.
                   A        B        C        D        E       F      G
               +--------+--------+--------+--------+--------+-----+--------+
         Total |    499 |    490 |      9 |      0 |      0 |   2 |  249.5 |
       Dungeon |    499 |    490 |      9 |      0 |      0 |   2 |  249.5 |
               +--------+--------+--------+--------+--------+-----+--------+

Top non-repeatable levels by time:
     D:1: 478 daAuts
     D:2: 20 daAuts
